 Dungeon Crawl Stone Soup version 0.31-a0-858-g469dc525a8 (webtiles) character file.

Game seed: 13088313813590452519

1061 BinkBink the Shield-Bearer (level 8, -1/64 HPs)
             Began as a Formicid Fighter on Oct 9, 2023.
             Killed from afar by a steam dragon (16 damage)
             ... with a ball of steam
             ... on level 5 of the Dungeon.
             The game lasted 00:07:19 (4287 turns).

BinkBink the Shield-Bearer (Formicid Fighter)       Turns: 4287, Time: 00:07:19

Health: -1/64      AC: 16    Str: 23    XL:     8   Next: 52%
Magic:  8/8        EV: 15    Int:  8    God:
Gold:   1256       SH:  5    Dex: 13    Spells: 7/7 levels left

rFire   . . .        a - +0 war axe
rCold   . . .        c - +0 buckler
rNeg    . . .        s - quicksilver dragon scales
rPois   .            (helmet unavailable)
rElec   .            l - +0 cloak
rCorr   .            (no gloves)
SInv    +            (no boots)
Will    +....        (no amulet)
Stlth   +            i - +4 ring of protection
HPRegen 0.30/turn    e - +5 ring of evasion
MPRegen 0.11/turn

%: no passive effects
@: invisible
A: permanent stasis, dig shafts and tunnels, antennae 3, four strong arms
a: Dig, Shaft Self


You were on level 5 of the Dungeon.
You visited 1 branch of the dungeon, and saw 5 of its levels.
You also visited: Sewer.

You collected 1256 gold pieces.

Inventory:

Hand Weapons
 a - a +0 war axe (weapon)
Missiles
 k - a throwing net
Armour
 c - a +0 buckler (worn)
 l - a +0 cloak (worn)
 q - a +0 plate armour
 s - quicksilver dragon scales (worn)
Jewellery
 e - a +5 ring of evasion (right hand)
 h - a ring of protection from fire
 i - a +4 ring of protection (left hand)
 j - an amulet of magic regeneration
 t - a +6 ring of intelligence
Scrolls
 g - 2 scrolls of amnesia
 p - a scroll of immolation {unknown}
 w - 3 scrolls of revelation
Potions
 b - a potion of degeneration {unknown}
 d - a potion of might
 f - 2 potions of haste {unknown}
 m - 4 potions of curing
 n - a potion of ambrosia {unknown}
 o - 2 potions of attraction {unknown}
 r - 2 potions of invisibility
 v - a potion of magic {unknown}
 x - a potion of mutation {unknown}


   Skills:
 + Level 5.6 Fighting
 * Level 6.2 Axes
 + Level 5.6 Armour
 + Level 6.8 Shields


You had 7 spell levels left.
You didn't know any spells.
Your spell library contained the following spells:

 Spells                   Type           Power      Damage    Failure   Level
 Apportation              Tloc           0%         N/A       61%         1
 Jinxbite                 Hex            0%         N/A       75%         2
 Alistair's Intoxication  Tmut/Pois      0%         N/A       100%        5


Dungeon Overview and Level Annotations

Branches:
Dungeon (5/15)              Sewer (visited)
 Temple: D:4-7

Altars:
Wu Jian

Shops:
D:5 :


Innate Abilities, Weirdness & Mutations

You cannot be hasted, slowed, berserked, paralysed or teleported.
You can dig through walls and to a lower floor.
You have a pair of large antennae on your head. (SInv)
Your four strong arms can wield two-handed weapons with a shield.


Message History

You block the steam dragon's attack.
An ogre comes into view. It is wielding a +0 giant club.
Things that are here:
a +0 shortbow; a hound corpse It was a potion of curing.
You feel better. The steam dragon barely misses you. x2
It was a potion of invisibility.
You fade into invisibility!
The steam dragon closely misses you. You block the steam dragon's attack.
The yak gores you but does no damage.
Unknown command.
Unknown command.
You slash the steam dragon!
The steam dragon is heavily wounded.
You strike the helpless yak from behind!
You slash the yak! The steam dragon breathes steam at you.
The ball of steam misses you. The yak barely misses you.
You catch the helpless steam dragon completely off-guard!
You hit the steam dragon.
The steam dragon is heavily wounded.
You strike the helpless yak from behind!
You slash the yak!
You are engulfed in a cloud of scalding steam.
You hit the steam dragon.
The steam dragon is severely wounded.
You hit the yak.
You are engulfed in a cloud of scalding steam.
The steam dragon bites you but does no damage.
The steam dragon closely misses you. The yak closely misses you.
You hit the steam dragon.
The steam dragon is almost dead.
You hit the yak but do no damage.
You are engulfed in a cloud of scalding steam.
The steam dragon bites you!
* * * LOW HITPOINT WARNING * * *
The steam dragon barely misses you. The yak closely misses you.
The yak barely misses you. The steam dragon breathes steam at you.
The ball of steam hits you!
You die...

#.########
#........#
#.######.#
#......#
######.####.# ###
#..#...#. .#...
+.....>#. .#.####
##.∩.#.#.##Y......
#....#.#§.@O# ,
#.##...##.D##
#######.####.##..#
#.......# #.##.##
#.##...## #.#..#
#>..#####...##
####...##...#
#.#####†..##..##
#.........##..#


You could see a yak (unable to see you), a steam dragon (unable to see you,
catching breath) and an ogre (unable to see you).

Vanquished Creatures
  A shadow (D:5)
  An ogre (D:4)
  A centaur (D:5)
  2 bullfrogs (Sewer)
  A howler monkey (D:4)
  A jelly (D:4)
  2 hounds (D:5)
  2 sleepcaps
  An iguana (D:4)
  7 gnolls (D:3)
  6 river rats
  17 adders
  2 worms
  2 dart slugs (D:4)
  5 orcs (D:4)
  14 ball pythons
  6 bats
  10 endoplasms
  2 giant cockroaches
  6 goblins
  9 hobgoblins
  3 quokkas
  6 frilled lizards
  9 kobolds
  31 rats
147 creatures vanquished.

Notes
Turn   | Place    | Note
-------+----------+-------------------------------------------
     0 | D:1      | BinkBink the Formicid Fighter began the quest for the Orb.
     0 | D:1      | Reached XP level 1. HP: 18/18 MP: 1/1
   174 | D:1      | Reached XP level 2. HP: 24/24 MP: 2/2
   470 | D:1      | Reached XP level 3. HP: 27/29 MP: 3/3
   882 | D:2      | Found a faded altar of an unknown god.
  1633 | D:2      | Reached XP level 4. HP: 37/37 MP: 4/4
  1965 | D:3      | Reached XP level 5. HP: 34/42 MP: 5/5
  2689 | D:4      | Reached skill level 5 in Shields
  2830 | D:4      | Reached XP level 6. HP: 48/48 MP: 6/6
  2951 | D:4      | Found a glowing drain.
  2958 | Sewer    | Entered a sewer
  3175 | Sewer    | Reached XP level 7. HP: 55/55 MP: 7/7
  3194 | Sewer    | Reached skill level 5 in Axes
  3332 | Sewer    | Identified a scroll of acquirement
  3332 | Sewer    | Acquired 939 gold pieces
  3415 | D:4      | Found an ornate altar of the Wu Jian Council.
  3676 | D:4      | Reached skill level 5 in Fighting
  3681 | D:4      | Reached skill level 5 in Armour
  3765 | D:4      | Reached XP level 8. HP: 41/62 MP: 8/8
  4148 | D:5      | Entered Level 5 of the Dungeon
  4159 | D:5      | Found Tilieps's Book Emporium.
  4251 | D:5      | Noticed a shadow
  4271 | D:5      | Killed a shadow
  4280 | D:5      | Noticed a yak
  4287 | D:5      | Killed from afar by a steam dragon

Illustrated notes

Levels and vault maps discovered:
D:1:      amcnicky_arrival_single_pillar, layout_basic, interstate_on_off
D:2:      layout_loops_corners, nicolae_ecumenical_oubliette,
          amcnicky_mini_pool_small, st_stairs_1
D:3:      layout_rooms, minmay_misc_feat_iff, hangedman_decor_push,
          kennysheep_decorative_pillar
D:4:      minmay_bubble_buster, layout_basic, mainiacjoe_overflow_alcove_4,
          lightli_sewer_entry_pipes
D:5:      layout_basic, serial_shops, nicolae_shop_stone,
          minmay_manual_mandibuliform

Skill      XL: |  1  2  3  4  5  6  7  8 |
---------------+-------------------------+-----
Axes           | 3 4 5 6 |  6.2
Fighting       | 4 5 |  5.6
Armour         | 4 5 |  5.6
Shields        | 5 6 |  6.8

Action                     |  1- 3 |  4- 6 |  7- 9 || total
---------------------------+-------+-------+-------++-------
  Melee: War axe           |    98 |   223 |   108 ||   429
    Use: Scroll            |       |     4 |     3 ||     7
         Potion            |       |       |     2 ||     2
   Stab: Invisible         |       |       |     3 ||     3
 Armour: Scale mail        |    50 |       |       ||    50
         Plate armour      |     3 |   139 |    81 ||   223
         Quicksilver drago |       |       |    30 ||    30
  Dodge: Dodged            |    58 |   160 |   115 ||   333
  Block: Buckler           |    23 |    53 |    48 ||   124

Table legend: (Time is in decaauts)
 A = Elapsed time spent in this place.
 B = Non-inter-level travel time spent in this place.
 C = Inter-level travel time spent in this place.
 D = Time resting spent in this place.
 E = Time spent auto-exploring this place.
 F = Levels seen in this place.
 G = Mean time per level.
                   A        B        C        D        E       F      G
               +--------+--------+--------+--------+--------+-----+--------+
         Total |   4501 |   4262 |    239 |      0 |   3198 |   6 |  750.2 |
       Dungeon |   4055 |   3816 |    239 |      0 |   2940 |   5 |  811.0 |
         Sewer |    446 |    446 |      0 |      0 |    257 |   1 |  446.0 |
               +--------+--------+--------+--------+--------+-----+--------+

Top non-repeatable levels by time:
     D:4: 1354 daAuts
     D:1: 983 daAuts
     D:2: 946 daAuts
     D:3: 622 daAuts
   Sewer: 446 daAuts
     D:5: 148 daAuts
